 Dungeon Crawl Stone Soup version 0.30-a0-1018-g25214051b3 (webtiles) character file.

Game seed: 8939207747918182596

1189 vineage the Trooper (level 8, -3/54 HPs)
             Began as a Gargoyle Fighter on Apr 7, 2023.
             Slain by an ice beast (13 damage)
             ... on level 6 of the Dungeon.
             The game lasted 00:03:46 (5047 turns).

vineage the Trooper (Gargoyle Fighter)              Turns: 5047, Time: 00:03:48

Health: -3/54      AC: 16    Str: 20    XL:     8   Next: 43%
Magic:  8/8        EV:  7    Int:  9    God:
Gold:   294        SH:  5    Dex: 11    Spells: 7/7 levels left

rFire   . . .      SeeInvis .    a - +0 flail (heavy)
rCold   . . .      Faith    .    c - +0 buckler
rNeg    + . .      Spirit   .    n - +0 chain mail
rPois   ∞          Reflect  .    (no helmet)
rElec   +          Rampage  .    (no cloak)
rCorr   .                        p - +0 pair of gloves
Will    .....                    (no boots) Stlth
                                 (no amulet)
HPRegen 0.29/turn                (no ring)
MPRegen 0.11/turn                (no ring)

@: mighty
A: sickness immunity, AC +5, negative energy resistance 1, electricity
resistance, torment resistance 1, petrification resistance
a: no special abilities


You were on level 6 of the Dungeon.
You visited 1 branch of the dungeon, and saw 6 of its levels.

You collected 294 gold pieces.

Inventory:

Hand Weapons
 a - a +0 heavy flail (weapon)
Missiles
 g - a throwing net (quivered)
Armour
 c - a +0 buckler (worn)
 n - a +0 chain mail (worn)
 p - a +0 pair of gloves (worn)
Jewellery
 r - a ring of magical power
 v - a ring of positive energy
Scrolls
 k - a scroll of fog
Potions
 b - a potion of magic
 d - 2 potions of might
 e - 2 potions of heal wounds
 f - 5 potions of haste
 h - 2 potions of lignification
 i - a potion of cancellation
 j - 4 potions of curing
 l - 4 potions of attraction
 m - 3 potions of brilliance
 o - a potion of resistance {unknown}
 q - a potion of invisibility
 t - a potion of flight
 u - a potion of berserk rage {unknown}


   Skills:
 + Level 7.7 Fighting
 + Level 6.6 Maces & Flails
 + Level 4.4 Armour
 + Level 4.4 Shields


You had 7 spell levels left.
You didn't know any spells.
Your spell library was empty.

Dungeon Overview and Level Annotations

Branches:
Dungeon (6/15)
 Temple: D:4-7

Altars:
Fedhas
Makhleb
Trog
Uskayaw

Shops:
D:2 [


Innate Abilities, Weirdness & Mutations

You are immune to sickness and miasma.
Your stone body is resilient. (AC +5)
You are immune to poison.
You resist negative energy. (rN+)
You are resistant to electric shocks. (rElec)
You are resistant to unholy torment.
You are immune to petrification.


Message History

A yak comes into view.
Found 9 gold pieces.
The yak bellows!
The yak moves out of view.
You sock the two-headed ogre!
The two-headed ogre is lightly wounded.
You block the two-headed ogre's attack.
The two-headed ogre hits you with a +0 giant spiked club!
You bludgeon the two-headed ogre!!
The two-headed ogre is severely wounded.
The two-headed ogre barely misses you.
The two-headed ogre hits you with a +0 giant spiked club!!
Ouch! That really hurt!
You are too injured to fight recklessly!
You are too injured to fight recklessly!
You are too injured to fight recklessly!
You are too injured to fight recklessly!
You are too injured to fight recklessly!
You are too injured to fight recklessly!
You are too injured to fight recklessly!
You are too injured to fight recklessly!
You are too injured to fight recklessly!
You are too injured to fight recklessly!
You are too injured to fight recklessly!
You are too injured to fight recklessly!
You are too injured to fight recklessly!
You closely miss the two-headed ogre.
The two-headed ogre is severely wounded.
The two-headed ogre barely misses you.
The two-headed ogre hits you but does no damage.
You block the ice beast's attack.
A jelly comes into view.
The two-headed ogre attacks as you move away!
The two-headed ogre hits you with a +0 dire flail!
* * * LOW HITPOINT WARNING * * *
The two-headed ogre barely misses you. The ice beast attacks as you move away!
The ice beast hits you.
* * * LOW HITPOINT WARNING * * *
The ice beast freezes you!
You die...

######### ...#.
......... .....
####..... ....#####
###....##.. ##....[.
........... .......#
###......< .....##
###....... #.###...##
##...>.##..
#..YO@...###..##..##..
..J..#Y.....##.....###..
$## #.###.....##### ###
#..........# #
....#.......# # ###
#.###...# ## #.
...########. .. ...##
....... ... .... #####.#


You could see a two-headed ogre, a yak, an ice beast and a jelly (wandering).

Vanquished Creatures
  A water moccasin (D:5)
  Duvessa (D:6)
  A sky beast (D:6)
  A black bear (D:5)
  An ogre (D:5)
  A phantom (D:5)
  2 scorpions
  Dowan (D:6)
  An orc priest (D:5)
  4 hounds
  3 iguanas
  Terence (D:2)
  Natasha (thrice) (D:3)
  An orc wizard (D:5)
  4 adders
  A white imp (D:5)
  2 worms
  A dart slug (D:3)
  8 orcs
  3 endoplasms
  3 giant cockroaches
  10 goblins
  7 hobgoblins
  5 jackals
  7 kobolds
  7 quokkas
  4 ball pythons
  4 bats
  2 frilled lizards (D:1)
  6 rats
96 creatures vanquished.

Notes
Turn   | Place    | Note
-------+----------+-------------------------------------------
     0 | D:1      | vineage the Gargoyle Fighter began the quest for the Orb.
     0 | D:1      | Reached XP level 1. HP: 14/14 MP: 1/1
   207 | D:1      | Reached XP level 2. HP: 19/19 MP: 2/2
   889 | D:2      | Reached XP level 3. HP: 6/24 MP: 3/3
   890 | D:2      | Reached skill level 4 in Fighting
  1096 | D:2      | Found Muivou's Armour Shoppe.
  1112 | D:2      | Noticed Terence
  1119 | D:2      | Killed Terence
  1188 | D:2      | Reached XP level 4. HP: 23/30 MP: 4/4
  1320 | D:2      | Identified the +3 sling of Zymiss {heavy, rCorr Str+3
                  | Int+2}
  2132 | D:3      | Found a hide-covered altar of Uskayaw.
  2159 | D:3      | Found a faded altar of an unknown god.
  2199 | D:3      | Noticed a scorpion
  2208 | D:3      | Killed a scorpion
  2209 | D:3      | Reached skill level 5 in Fighting
  2209 | D:3      | Reached XP level 5. HP: 26/35 MP: 5/5
  2270 | D:3      | Found a bloodstained altar of Trog.
  2374 | D:3      | Noticed Natasha
  2379 | D:3      | Killed Natasha
  2422 | D:3      | Noticed Natasha
  2429 | D:3      | Killed Natasha
  2561 | D:3      | Noticed Natasha
  2585 | D:3      | Killed Natasha
  2586 | D:3      | Reached XP level 6. HP: 8/40 MP: 6/6
  2877 | D:4      | Found a blossoming altar of Fedhas.
  2935 | D:4      | Found a burning altar of Makhleb.
  3485 | D:4      | Reached skill level 6 in Fighting
  3485 | D:4      | Reached skill level 5 in Maces & Flails
  3840 | D:5      | Entered Level 5 of the Dungeon
  3933 | D:5      | Noticed a water moccasin
  3938 | D:5      | Killed a water moccasin
  3939 | D:5      | Reached XP level 7. HP: 44/47 MP: 7/7
  4405 | D:5      | Reached skill level 7 in Fighting
  4576 | D:5      | Reached XP level 8. HP: 53/53 MP: 8/8
  4956 | D:6      | Noticed Duvessa
  4957 | D:6      | Noticed Dowan
  4971 | D:6      | Killed Duvessa
  4979 | D:6      | Killed Dowan
  5040 | D:6      | Noticed a two-headed ogre
  5043 | D:6      | Noticed a yak
  5047 | D:6      | Slain by an ice beast

Illustrated notes

Levels and vault maps discovered:
D:1:      minmay_arrival_shoal_huts, layout_loops_corners, serial_glass,
          glass_columns_c, glass_columns_b
D:2:      layout_loops_ring, serial_bayou, serial_bayou_crossing,
          serial_bayou_lagoon_a, serial_bayou_shore_b, serial_bayou_pond_c,
          serial_shops, shop, minmay_distorted, uniq_terence
D:3:      layout_loops_ring, mainiacjoe_overflow_large_starburst,
          hellmonk_ecumenical_altar_crossroads, uniq_natasha
D:4:      layout_basic, old_standard_altar, fedhas_ov_isle_minmay
D:5:      layout_loops_corners, chequers_serial_rivers_large_b, eino_curves_03,
          minmay_misc_feat_diagonals
D:6:      hangedman_cross_stitches, layout_rooms, grunt_potential, uniq_duvessa

Skill      XL: |  1  2  3  4  5  6  7  8 |
---------------+-------------------------+-----
Fighting       | 4 5 6 7 |  7.7
Maces & Flails | 3 4 5 6 |  6.6
Armour         | 4 |  4.4
Shields        | 4 |  4.4

Action                     |  1- 3 |  4- 6 |  7- 9 || total
---------------------------+-------+-------+-------++-------
  Melee: Flail             |    64 |   159 |    72 ||   295
    Use: Scroll            |       |    12 |     3 ||    15
         Potion            |       |       |     1 ||     1
 Armour: Scale mail        |    55 |    40 |       ||    95
         Chain mail        |       |    80 |    66 ||   146
  Dodge: Dodged            |    41 |    73 |    37 ||   151
  Block: Buckler           |    19 |    37 |    23 ||    79

Table legend: (Time is in decaauts)
 A = Elapsed time spent in this place.
 B = Non-inter-level travel time spent in this place.
 C = Inter-level travel time spent in this place.
 D = Time resting spent in this place.
 E = Time spent auto-exploring this place.
 F = Levels seen in this place.
 G = Mean time per level.
                   A        B        C        D        E       F      G
               +--------+--------+--------+--------+--------+-----+--------+
         Total |   5285 |   5118 |    167 |    222 |   4066 |   6 |  880.8 |
       Dungeon |   5285 |   5118 |    167 |    222 |   4066 |   6 |  880.8 |
               +--------+--------+--------+--------+--------+-----+--------+

Top non-repeatable levels by time:
     D:2: 1147 daAuts
     D:5: 1102 daAuts
     D:4: 1023 daAuts
     D:3: 975 daAuts
     D:1: 848 daAuts
     D:6: 187 daAuts
